[Event "Reykjavik Open 2025"]
[Site "Reykjavik"]
[Date "2025.04.09"]
[Round "1.9"]
[White "Jacobson, Brandon"]
[Black "Aeschbacher, Dimitri"]
[Result "1-0"]
[Annotator "TA"]
[ECO "A17"]
[WhiteElo "2570"]
[BlackElo "2142"]
[PlyCount "60"]
[EventDate "2025.04.09"]
[EventType "swiss"]
[EventCountry "ISL"]
[SourceTitle "playchess.com"]
[Source "ChessBase"]
[SourceQuality "1"]
[TimeControl "40/5400+30:1800+30"]

1. Nf3 Nf6 2. c4 e6 3. Nc3 Bb4 4. Qc2 O-O 5. e4 d6 6. a3 {[%emt 0:06:02] A17: English Opening: 1...Nf6 with ...Bb4.} Ba5 (6... Bxc3 $11 {keeps the balance.} 7. bxc3 e5) 7. b4 $16 Bb6 8. e5 $146 {[%emt 0:00:34] White is better.} (8. d4 a5 9. Na4 axb4 10. Nxb6 cxb6 11. Bd3 e5 12. Bb2 bxa3 13. dxe5 dxe5 14. Rxa3 Rxa3 15. Bxa3 {0-1 Beltran Seguer,J-Ramos Mora,J ESP corr Spain 1995}) 8... Ng4 9. d4 {[%emt 0:01:33] Hoping for h3.} a5 {[%emt 0:09:16][%cal Ba7a5,Ba5b4][%mdl 32] Strongly threatening ...axb4.} 10. c5 axb4 11. cxb6 bxc3 12. h3 Nh6 13. Bg5 (13. Qxc3 cxb6 14. Bxh6 gxh6 15. Qe3) 13... Qd7 {[%emt 0:01:48] A sharp opening Black is weak on the dark squares} 14. Qxc3 {[%emt 0:10:53] White sacrificed a pawn White has more active pieces.} (14. Bd3 $16) 14... cxb6 ({Black should play} 14... Nf5 $1 $11) 15. Bxh6 $14 gxh6 16. Qe3 Nc6 17. Bd3 $36 {[%emt 0:05:01][%mdl 2048] White is on the roll.} Nb4 18. Be4 (18. O-O $1 $16 Nxd3 19. Qxd3) 18... f5 $11 19. exf6 Rxf6 20. Nh2 (20. O-O {simplifies} Nd5 21. Bxd5 exd5 22. Rab1) 20... h5 21. O-O d5 $2 (21... Nd5 $14 22. Bxd5 exd5) 22. Bxh7+ Qxh7 23. axb4 Rxa1 24. Re1 (24. Rxa1 $18 Bd7 25. Nf3) 24... Rb1 25. Rxb1 Bd7 $4 (25... Qxb1+ $19 {and life is good for Black.} 26. Nf1 Bd7 (26... Qxb4 $2 27. Qg3+ Kf8 28. Qc7 $19) 27. Qg5+ Qg6) 26. Ra1 Rf8 (26... Qe4 $142 27. Ra8+ (27. Qg5+ Rg6 $18) 27... Kg7 28. Qg5+ Qg6) 27. Nf3 $18 Qg7 28. Qg5 $2 ({Better is} 28. Ra7 $18 Bc6 29. Qxe6+ Kh7 30. Qe3 (30. Ne5 Rf6 $11)) 28... Be8 {[%emt 0:01:00] [#]} (28... Qxg5 $14 29. Nxg5 Kg7) 29. Qxh5 $4 {[%emt 0:00:21][%mdl 8192] [#]} Qe5 $4 30. Qxe5 Rf5 {[%emt 0:04:02] Weighted Error Value: White=0.64/Black=0.76  Loses game:     	---       	Black=1      Missed win:     	White=3     	Black=1      Mistake:       	White=2     	Black=3      Inaccurate:     	White=1     	Black=1      OK:         	White=5     	Black=4      Best:        	White=3     	Black=3      Strong:       	White=1     	---} 1-0

[Event "Reykjavik Open 2025"]
[Site "Reykjavik"]
[Date "2025.04.09"]
[Round "1.10"]
[White "Jaksland, Tim"]
[Black "Gorshtein, Ido"]
[Result "0-1"]
[Annotator "ChessBase"]
[ECO "B14"]
[WhiteElo "2140"]
[BlackElo "2557"]
[PlyCount "84"]
[EventDate "2025.04.09"]
[EventType "swiss"]
[EventCountry "ISL"]
[SourceTitle "playchess.com"]
[Source "ChessBase"]
[SourceQuality "1"]
[TimeControl "40/5400+30:1800+30"]

1. e4 c6 2. d4 d5 3. exd5 cxd5 4. c4 Nf6 5. Nc3 g6 6. Qb3 Bg7 7. cxd5 O-O 8. Be2 Qb6 9. Qxb6 axb6 10. Bf3 Na6 11. Nge2 Nb4 12. O-O Rd8 13. d6 Rxd6 14. Bf4 Rd7 15. Be5 Nc6 16. Bxf6 exf6 17. Nd5 Ra6 18. b4 b5 19. a4 Na7 20. axb5 Nxb5 21. Rac1 Na7 22. b5 Rad6 23. Ra1 b6 24. Rfc1 Bb7 25. Rxa7 Bxd5 26. Rc8+ Bf8 27. Rxd7 Rxd7 28. Rb8 Ra7 29. h3 Ra1+ 30. Kh2 Bxf3 31. gxf3 Ra2 32. Nc3 Rxf2+ 33. Kg3 Rb2 34. Rxb6 f5 35. Rc6 Bb4 36. Rc4 Kg7 37. b6 Bd6+ 38. f4 Rxb6 39. d5 Rb3 40. Kg2 Bxf4 41. Ne2 Be5 42. Ra4 Rb5 0-1

[Event "Reykjavik Open 2025"]
[Site "Reykjavik"]
[Date "2025.04.09"]
[Round "1.11"]
[White "Maze, Sebastien"]
[Black "Maciol, Ryszard"]
[Result "1-0"]
[Annotator "ChessBase"]
[ECO "D03"]
[WhiteElo "2557"]
[BlackElo "2135"]
[PlyCount "67"]
[EventDate "2025.04.09"]
[EventType "swiss"]
[EventCountry "ISL"]
[SourceTitle "playchess.com"]
[Source "ChessBase"]
[SourceQuality "1"]
[TimeControl "40/5400+30:1800+30"]

1. d4 Nf6 2. Nf3 e6 3. Bg5 d5 4. Nbd2 Be7 5. e3 b6 6. c3 Bb7 7. Bb5+ Nfd7 8. Bf4 O-O 9. h4 Ba6 10. Bxa6 Nxa6 11. Qc2 Re8 12. h5 c5 13. g4 cxd4 14. exd4 f6 15. Kf1 Nf8 16. Re1 Nc7 17. Nb3 a5 18. Nc1 Nb5 19. Nd3 Rc8 20. Rg1 Bd6 21. g5 Bxf4 22. Nxf4 fxg5 23. h6 gxh6 24. Re5 Rc7 25. Nxg5 Rg7 26. Ngxe6 Nxe6 27. Nxe6 Rxg1+ 28. Kxg1 Qf6 29. Qe2 Nd6 30. Nf4 Rf8 31. Nxd5 Qg7+ 32. Kf1 Kh8 33. Re7 Nf7 34. Re8 1-0

[Event "Reykjavik Open 2025"]
[Site "Reykjavik"]
[Date "2025.04.09"]
[Round "1.12"]
[White "Arruebarrena Rodriguez, Rafael"]
[Black "Adhiban, B.."]
[Result "0-1"]
[Annotator "TA"]
[ECO "B60"]
[WhiteElo "2129"]
[BlackElo "2554"]
[PlyCount "102"]
[EventDate "2025.04.09"]
[EventType "swiss"]
[EventCountry "ISL"]
[SourceTitle "playchess.com"]
[Source "ChessBase"]
[SourceQuality "1"]
[TimeControl "40/5400+30:1800+30"]

1. e4 c5 2. Nf3 d6 3. d4 cxd4 4. Nxd4 Nf6 5. Nc3 Nc6 6. Bg5 Bd7 7. Bxf6 gxf6 8. Nf5 Qa5 {[%emt 0:08:15] B60: Sicilian: Richter-Rauzer: Unusual Black 6th moves and 6...Bd7 without 7 Qd2.} 9. Bb5 a6 10. Bxc6 bxc6 {[%emt 0:06:10] White is slightly better.} 11. Qd3 d5 $5 {[%emt 0:08:41][%mdl 4] A promising side line.} 12. exd5 cxd5 13. O-O e6 14. Qd4 Rg8 $1 (14... exf5 $2 15. Rfe1+ (15. Nxd5 Be7 $11) (15. Qxf6 d4 $18) 15... Be6 16. Qxf6 $18) 15. Qxf6 Qd8 $146 (15... Rg6 16. Qe5 f6 17. Qe2 Kf7 18. Ng3 Bb4 19. Rfe1 Rc8 20. Rad1 Qb6 21. Qh5 Kg7 {½-½ Sharafiev,A (2462)-Gutenev,A (2328) Moscow op-C 2011 (5)}) 16. Qxd8+ (16. Nxd5 $2 Bc6 17. Qxd8+ Kxd8 $19) 16... Kxd8 17. Nd4 Rb8 {[%emt 0:00:03] Black sacrificed a pawn} 18. Rab1 Kc7 19. Rfd1 Bg7 20. Nce2 Rgc8 21. c3 Kd6 22. f4 h5 23. Kf2 a5 24. b3 Ke7 25. Rbc1 Rc5 26. Rd3 f6 27. Rg3 Bh8 (27... Kf7 $14) 28. Re1 e5 29. Nf3 Be6 (29... e4 $16) 30. fxe5 $2 ({White should try} 30. Ned4 $1 $18 Rf8 (30... exd4 31. Nxd4 h4 32. Rxe6+ Kf7 33. Rge3 $16) 31. Nxe6 Kxe6 32. Re3) 30... fxe5 $11 31. Rg5 Rf8 32. Kg1 (32. Rxh5 e4 33. Rh7+ Kd6 34. Rxh8 (34. b4 $2 axb4 35. cxb4 Rc4 $19) 34... Rxh8 $14) 32... e4 33. Nh4 {[%emt 0:01:50] and Ng6+ should not be overlooked} Kd6 34. Ng6 Rg8 35. Rxh5 (35. Nd4 Bf6 36. Nxe6 (36. Rg3 Bg4 $17) 36... Bxg5 (36... Rxc3 37. Rxh5 Rxg6 38. Nf4 $11) 37. Nxc5 Rxg6 $15 (37... Kxc5 38. Ne5 $19)) 35... Bxc3 36. Nxc3 Rxg6 37. Ne2 {[%emt 0:01:06] Black converts the advantage convincingly.} (37. Rc1 $11 Kc6 38. h3) 37... Bg4 $1 $17 38. Rh4 Bxe2 39. Rxe2 $19 {[%emt 0:00:06][%mdl 4096] Endgame KRR-KRR. White is a pawn up.} Rc1+ $1 40. Kf2 Rf6+ $1 {[%emt 0:00:35][%mdl 1024] Black has strong compensation.} 41. Ke3 {[%emt 0:03:14] [#]} Kc5 $1 42. Rh8 Rc3+ 43. Kd2 {[%emt 0:00:08] [#]} Rd3+ 44. Kc2 (44. Ke1 {is a better defense.} Kd4 45. b4) 44... Kd4 45. Rh4 Rf1 46. g3 $2 (46. Kb2) 46... Rc3+ 47. Kb2 Kd3 48. Rg2 e3 {[%emt 0:00:42] Strongly threatening ...Rf2+.} 49. Rf4 Rxf4 ({Weaker is} 49... e2 50. Rxe2 Rxf4 51. gxf4 $14) 50. gxf4 d4 {[%emt 0:00:12] ( -> ...e2)} 51. f5 e2 {[%emt 0:00:34] Weighted Error Value: White=0.49/Black=0.07 (flawless)   Missed win:     	White=1     	---        Mistake:       	White=3     	Black=2      Inaccurate:     	White=5     	Black=4      OK:         	White=11    	Black=14     Best:        	White=3     	Black=4      Strong:       	---       	Black=5} 0-1

[Event "Reykjavik Open 2025"]
[Site "Reykjavik"]
[Date "2025.04.09"]
[Round "1.13"]
[White "Friedel, Joshua"]
[Black "Zhou, Guijue"]
[Result "1/2-1/2"]
[Annotator "ChessBase"]
[ECO "E01"]
[WhiteElo "2552"]
[BlackElo "2127"]
[PlyCount "81"]
[EventDate "2025.04.09"]
[EventType "swiss"]
[EventCountry "ISL"]
[SourceTitle "playchess.com"]
[Source "ChessBase"]
[SourceQuality "1"]
[TimeControl "40/5400+30:1800+30"]

1. d4 d5 2. c4 c6 3. Nf3 Nf6 4. Nc3 e6 5. g3 dxc4 6. Ne5 c5 7. dxc5 Qxd1+ 8. Nxd1 Bxc5 9. Ne3 Nbd7 10. N3xc4 Ne4 11. Nd3 Be7 12. Bg2 Ndf6 13. Bf4 O-O 14. Rc1 Rd8 15. O-O Nd6 16. Nxd6 Bxd6 17. Bxd6 Rxd6 18. Ne5 Ne8 19. Rc3 f6 20. Nc4 Rd7 21. Ra3 Rb8 22. Rxa7 b5 23. Rxd7 Bxd7 24. Na5 Rc8 25. Rd1 Rc7 26. b4 Kf8 27. Nb3 Ke7 28. Nc5 Nd6 29. f4 Be8 30. Rd3 Ra7 31. Bh3 f5 32. a3 Nc4 33. Bg2 Rxa3 34. Rxa3 Nxa3 35. Kf2 Nc2 36. Nd3 Kd6 37. e4 Bc6 38. e5+ Kc7 39. Nc5 Bd7 40. Bf1 Nxb4 41. Nxd7 1/2-1/2

[Event "Reykjavik Open 2025"]
[Site "Reykjavik"]
[Date "2025.04.09"]
[Round "1.14"]
[White "Elier, Ali"]
[Black "Amar, Elham"]
[Result "0-1"]
[Annotator "ChessBase"]
[ECO "B21"]
[WhiteElo "2125"]
[BlackElo "2546"]
[PlyCount "64"]
[EventDate "2025.04.09"]
[EventType "swiss"]
[EventCountry "ISL"]
[SourceTitle "playchess.com"]
[Source "ChessBase"]
[SourceQuality "1"]
[TimeControl "40/5400+30:1800+30"]

1. e4 c5 2. d4 cxd4 3. c3 dxc3 4. Nxc3 Nc6 5. Nf3 e6 6. Bc4 a6 7. O-O Nge7 8. Bg5 h6 9. Be3 d6 10. Qe2 Ng6 11. Nd2 Be7 12. f4 O-O 13. Rad1 b5 14. Bb3 Bd7 15. Qh5 Na5 16. Bc2 b4 17. Ne2 Bb5 18. Rf2 Rc8 19. Bb1 Bf6 20. f5 Ne5 21. Nd4 Bd7 22. N2f3 Nac4 23. Bc1 Nxf3+ 24. Nxf3 exf5 25. exf5 Re8 26. b3 Ne3 27. Bxe3 Rxe3 28. Rfd2 Qb6 29. Kh1 Bb5 30. Ng1 Rd8 31. Qg4 d5 32. Nh3 Rde8 0-1

[Event "Reykjavik Open 2025"]
[Site "Reykjavik"]
[Date "2025.04.09"]
[Round "1.15"]
[White "Sokolovsky, Yahli"]
[Black "Balje, Jan"]
[Result "1/2-1/2"]
[Annotator "ChessBase"]
[ECO "B19"]
[WhiteElo "2546"]
[BlackElo "2125"]
[PlyCount "73"]
[EventDate "2025.04.09"]
[EventType "swiss"]
[EventCountry "ISL"]
[SourceTitle "playchess.com"]
[Source "ChessBase"]
[SourceQuality "1"]
[TimeControl "40/5400+30:1800+30"]

1. e4 c6 2. d4 d5 3. Nd2 dxe4 4. Nxe4 Bf5 5. Ng3 Bg6 6. h4 h6 7. Nf3 e6 8. Ne5 Bh7 9. Bd3 Bxd3 10. Qxd3 Nd7 11. Qe2 Ngf6 12. Bd2 c5 13. Nxd7 Qxd7 14. dxc5 Bxc5 15. O-O-O Qc6 16. Bc3 Be7 17. Nh5 Nxh5 18. Qxh5 Rc8 19. Rh3 O-O 20. Rd2 Qa6 21. Qg4 Rxc3 22. Rxc3 Qxa2 23. Rd7 Bf6 24. Rb3 Qa1+ 25. Kd2 Bxb2 26. Qb4 a5 27. Qc5 b6 28. Rxb6 Ba3 29. Qc6 Qf6 30. Qf3 Bb4+ 31. Ke2 Qe5+ 32. Qe3 Qh5+ 33. Kf1 Qxh4 34. Kg1 Qc4 35. Qc1 Bc5 36. Rb3 a4 37. Rg3 1/2-1/2

[Event "Reykjavik Open 2025"]
[Site "Reykjavik"]
[Date "2025.04.09"]
[Round "1.16"]
[White "Le Pen, Steven"]
[Black "Stefansson, Vignir Vatnar"]
[Result "0-1"]
[Annotator "ChessBase"]
[ECO "B42"]
[WhiteElo "2125"]
[BlackElo "2536"]
[PlyCount "68"]
[EventDate "2025.04.09"]
[EventType "swiss"]
[EventCountry "ISL"]
[SourceTitle "playchess.com"]
[Source "ChessBase"]
[SourceQuality "1"]
[TimeControl "40/5400+30:1800+30"]

1. e4 c5 2. Nf3 e6 3. d4 cxd4 4. Nxd4 a6 5. Bd3 g6 6. O-O Bg7 7. Be3 Ne7 8. c4 O-O 9. Nc3 d5 10. cxd5 exd5 11. Rc1 Nd7 12. Nb3 Nf6 13. Bd4 dxe4 14. Nxe4 Nf5 15. Bc3 Re8 16. Qf3 Nxe4 17. Bxe4 Nh4 18. Qd3 Qxd3 19. Bxd3 Be6 20. Bxg7 Kxg7 21. f3 Rad8 22. Rfd1 Rd6 23. Be4 Rb6 24. Rc7 Rb8 25. Nc5 Bxa2 26. g3 Nf5 27. Bxf5 gxf5 28. Rdd7 Rxb2 29. Nxb7 Be6 30. Re7 Bd5 31. Nd6 Rd2 32. Nxf5+ Kf6 33. Ne3 Rb1+ 34. Nf1 Rdd1 0-1

[Event "Reykjavik Open 2025"]
[Site "Reykjavik"]
[Date "2025.04.09"]
[Round "1.17"]
[White "Kadric, Denis"]
[Black "Hulshof, Peter"]
[Result "1-0"]
[Annotator "ChessBase"]
[ECO "B12"]
[WhiteElo "2533"]
[BlackElo "2123"]
[PlyCount "77"]
[EventDate "2025.04.09"]
[EventType "swiss"]
[EventCountry "ISL"]
[SourceTitle "playchess.com"]
[Source "ChessBase"]
[SourceQuality "1"]
[TimeControl "40/5400+30:1800+30"]

1. e4 c6 2. d4 d5 3. e5 Bf5 4. h4 h5 5. c4 e6 6. Nc3 Bb4 7. Qb3 a5 8. a3 dxc4 9. Bxc4 Bxc3+ 10. bxc3 b5 11. Be2 a4 12. Qd1 Qd5 13. Nf3 Bg4 14. O-O Nd7 15. Bg5 Nb6 16. Nd2 Bxe2 17. Qxe2 Ne7 18. Bxe7 Kxe7 19. Rfd1 f5 20. Rab1 Qa2 21. Qd3 Rad8 22. Ra1 Qd5 23. Qg3 Kf7 24. Nf3 Qb3 25. Ng5+ Ke7 26. Ne4 Kf7 27. Nc5 Qd5 28. Nd3 g5 29. Qxg5 Rdg8 30. Qf6+ Ke8 31. Nf4 Qe4 32. Qxe6+ Kd8 33. d5 Qxf4 34. dxc6+ Kc7 35. Qe7+ Nd7 36. Qxd7+ Kb6 37. Qb7+ Kc5 38. Qa7+ Kxc6 39. Rd6# 1-0

[Event "Reykjavik Open 2025"]
[Site "Reykjavik"]
[Date "2025.04.09"]
[Round "1.18"]
[White "Jonsson, Gauti Pall"]
[Black "Cornette, Matthieu"]
[Result "1/2-1/2"]
[Annotator "TA"]
[ECO "B30"]
[WhiteElo "2122"]
[BlackElo "2528"]
[PlyCount "196"]
[EventDate "2025.04.09"]
[EventType "swiss"]
[EventCountry "ISL"]
[SourceTitle "playchess.com"]
[Source "ChessBase"]
[SourceQuality "1"]
[TimeControl "40/5400+30:1800+30"]

1. e4 c5 2. Nf3 Nc6 3. Bc4 Nf6 4. Qe2 d5 5. exd5 Nxd5 6. O-O $146 {[%emt 0:02:05] B30: Sicilian: 2...Nc6 3 Bb5, lines without ...g6.} (6. Nc3 Nb6 7. Bb5 Bd7 8. a4 a6 9. Bd3 Nd4 10. Nxd4 cxd4 11. Ne4 e6 12. b3 {1-0 Santarius,E (2393)-Piasetski,L (2242) Bay Area op Burlingame 2019 (5)}) 6... Nb6 7. Bb5 Bd7 8. a4 {[%emt 0:01:44] The position is equal.} a6 9. Bxc6 Bxc6 10. Ne5 Qd5 11. Nxc6 (11. f4 g6 12. Nc3 Qd4+ 13. Rf2) 11... Qxc6 12. Nc3 e6 13. d3 Be7 14. a5 Nc8 15. Qg4 Kf8 16. Bg5 f6 (16... h5 $11 {keeps the balance.} 17. Bxe7+ Nxe7) 17. Bd2 Kf7 18. Rfe1 h5 19. Qe2 Na7 20. Ra4 Rae8 21. Rh4 g6 22. Re4 Bd8 (22... e5 $1 $14) 23. Nd1 (23. Rc4 $1 $16) 23... Nb5 $11 24. Ne3 h4 25. h3 $1 Nd4 26. Qd1 Kg7 27. c3 Nb5 28. Nc4 Bc7 29. Qe2 Kf7 30. Bf4 e5 31. Bh2 g5 {[%emt 0:01:22] [#]} (31... Nd6 $11) 32. Bxe5 $1 fxe5 (32... Rxe5 33. Nxe5+ fxe5 (33... Bxe5 $2 34. f4 $18) 34. Rxe5 Bxe5 (34... Bxa5 35. Re7+ Kg6 36. Re6+ Kf7 37. Rxc6) 35. Qxe5 $18) (32... Bxe5 33. Nxe5+) 33. Nxe5+ Bxe5 34. Rxe5 Nc7 {[%emt 0:03:03] [#]} 35. Qg4 $1 {[%emt 0:01:44] Chess con chili.} Rxe5 36. Rxe5 {[%emt 0:00:07] Hoping for Qf5+.} Ne8 {[%emt 0:03:11] [#]} (36... Ne6 $16 {was necessary.}) 37. Qxg5 $2 (37. Rxg5 $6 Rh6 38. Qc4+ Kf8 39. Rxc5 (39. Qxc5+ Qxc5 40. Rxc5 Ke7 $11) 39... Qf6 $16) (37. Qc4+ $1 $18 Kf6 38. Rxc5) 37... Nf6 $1 $14 38. Rxc5 {[%emt 0:01:29] White is more active.} Rh5 39. Rxc6 ({White should play} 39. Qxh5+ $16 Nxh5 40. Rxc6 bxc6 41. d4) 39... Rxg5 $16 {[%emt 0:00:01][%mdl 4096] Endgame KRN-KR} 40. Rc7+ Kg6 41. b4 Nd5 $1 42. Rxb7 Nf4 $1 43. Rb6+ Kf5 44. g3 hxg3 {[%emt 0:00:25] ( -> ...g2)} 45. fxg3 (45. Rxa6 g2 (45... Nxh3+ {leads to mate.} 46. Kf1 g2+ 47. Ke2 g1=Q 48. Rf6+ Kxf6 49. d4 Nf4+ 50. Ke3 Rg3+ 51. Kxf4 Qxf2+ 52. Ke4 Qf5#)) 45... Rxg3+ 46. Kf2 Rxd3 47. Rxa6 Rxc3 48. Ke1 Ke4 49. Kd2 Rd3+ 50. Kc2 Nd5 51. Rh6 Nxb4+ 52. Kb2 Kd5 53. a6 Kc4 {[%emt 0:01:50] ...Rd2+ would now be deadly.} 54. Rh4+ Kb5 55. a7 Rd2+ 56. Kc3 (56. Kb3 $5 Rd3+ $8 57. Kb2 $11) 56... Rd3+ (56... Ra2 {simplifies} 57. Rxb4+ Kc6 58. Kd4 Rxa7 59. Ke5 Kd7) 57. Kb2 Rd8 {[%emt 0:00:06] Inhibits a8Q.} 58. Rh7 {[%emt 0:00:00] Black is slightly better.} Kb6 {[%emt 0:00:19] Against Rb7+} 59. Kc3 Nc6 60. h4 Nxa7 ({Much worse is} 60... Ra8 61. Rg7 $11) 61. h5 Nb5+ 62. Kc2 Kc5 63. h6 Nd4+ 64. Kc3 Nf5 65. Rf7 Nxh6 66. Rf6 Ng4 67. Rf5+ Kc6 68. Rg5 Ne3 69. Rh5 Nd5+ 70. Kc4 Nb6+ 71. Kc3 Ra8 72. Rh6+ Kc5 73. Kd3 Nd5 74. Rh5 Ra4 75. Rh8 Rd4+ 76. Ke2 Rf4 77. Ra8 Re4+ 78. Kf3 Re3+ 79. Kg4 Kd4 80. Rd8 Re7 81. Kf3 Re5 82. Ra8 Rf5+ 83. Kg3 Nc3 84. Rd8+ Ke3 85. Kg4 Ra5 86. Rb8 Ne4 87. Rb3+ Kd4 88. Rb4+ Ke5 89. Rb8 Ra3 90. Rb5+ Ke6 91. Rb6+ Nd6 92. Rb8 Ke5 93. Rh8 Ne4 94. Re8+ Kd4 {[%emt 0:00:05] ( -> ...Nf6+)} 95. Kf4 Nf6 96. Rd8+ Nd5+ 97. Kg4 Ra7 98. Kf3 Ke5 {[%emt 0:00:43] Weighted Error Value: White=0.16 (very precise) /Black=0.14 (very precise)   Missed win:     	White=1     	---        Mistake:       	White=2     	Black=4      Inaccurate:     	White=9     	Black=5      OK:         	White=39    	Black=33     Best:        	White=1     	Black=6      Strong:       	White=2     	Black=3} 1/2-1/2

[Event "Reykjavik Open 2025"]
[Site "Reykjavik"]
[Date "2025.04.09"]
[Round "1.19"]
[White "Sivuk, Vitaly"]
[Black "Burgalat, Eliot"]
[Result "0-1"]
[Annotator "TA"]
[ECO "A21"]
[WhiteElo "2505"]
[BlackElo "2119"]
[PlyCount "92"]
[EventDate "2025.04.09"]
[EventType "swiss"]
[EventCountry "ISL"]
[SourceTitle "playchess.com"]
[Source "ChessBase"]
[SourceQuality "1"]
[TimeControl "40/5400+30:1800+30"]

1. c4 e5 2. d3 Nc6 3. Nf3 f5 4. a3 a5 5. Nc3 Nf6 6. g3 Be7 7. Bg2 O-O 8. O-O d6 9. Rb1 h6 {[%emt 0:23:23] A21: English Opening: 1...e5 2 Nc3.} 10. b4 axb4 11. axb4 Qe8 {[%emt 0:01:36] White is slightly better.} 12. b5 Nd8 13. c5 Be6 $146 (13... Ne6 14. cxd6 cxd6 15. Nd2 f4 16. Nc4 Ng5 17. d4 Bf5 18. dxe5 dxe5 19. Nxe5 fxg3 {0-1 Bakija,A (2010)-Van Batenburg,M (2109) Groningen op 59th 2023 (3)}) 14. Bb2 Nd5 15. Nd2 Qf7 16. Ra1 Rxa1 17. Qxa1 Bg5 18. Nf3 Nxc3 19. Bxc3 Bf6 20. b6 Nc6 21. bxc7 Qxc7 22. cxd6 Qxd6 23. Rb1 e4 $1 24. Ne1 Nd4 25. Bxd4 Bxd4 26. Qa4 f4 27. gxf4 Bxf2+ 28. Kxf2 Qxf4+ ({Black should try} 28... Rxf4+ $11 29. Ke3 Qc5+ 30. d4 (30. Kxf4 $2 g5+ 31. Kxe4 Bd5+ 32. Kf5 Bb3+ 33. Kg4 Bxa4 $19) (30. Qd4 $2 Qg5 $19) 30... Qg5) 29. Kg1 $14 Qf2+ 30. Kh1 Qxe2 {[%emt 0:01:40][%cal Of8f1] ( -> ...Rf1+!)} 31. Nc2 (31. Bxe4 $2 Rf1#) ({White should try} 31. Qd4 $1 $14) 31... exd3 $40 {[%emt 0:00:58][%mdl 128] Black is up to no good.} 32. Nd4 Qg4 33. Bf3 $2 (33. Qa1 $1 $11 {and White stays safe.}) 33... Rxf3 $19 34. Qe8+ Kh7 35. Nxe6 {[%emt 0:00:19][%cal Oe8d7] Hoping for Qd7!.} Qf5 {[%emt 0:00:26] ( -> ...Rf1+)} 36. Rg1 Rf1 37. Ng5+ hxg5 {[%emt 0:00:07][%cal Rf5f3][%mdl 4096] Endgame KQR-KQR. Black is 3 pawns up.} 38. Qh5+ Kg8 {[%emt 0:00:05] ( -> ...Qe4+)} 39. Qe8+ Kh7 40. Qh5+ Kg8 {[%emt 0:00:04] ( -> ...Qd5+)} 41. Qe8+ Qf8 42. Qe6+ {[%emt 0:00:00] [#]} Rf7 $1 {[%emt 0:02:16] Threatens to win with ...Qd8.} 43. Rxg5 $2 {[%emt 0:00:00] [#]} (43. Rf1) 43... d2 $1 44. Rd5 Qa8 {[%emt 0:03:40] Black mates.} 45. h3 Qa1+ 46. Kh2 d1=Q {[%emt 0:00:20] Weighted Error Value: White=0.53/Black=0.19 (very precise)   Loses game:     	White=1     	---        Mistake:       	White=2     	Black=1      Inaccurate:     	White=4     	Black=2      OK:         	White=14    	Black=10     Best:        	White=4     	Black=7      Strong:       	---       	Black=3} ({Weaker is} 46... d1=B 47. Rd8+ Kh7 48. Qe1 $17 (48. Qxf7 Qe5+ 49. Kh1 Bc2 $15)) 0-1

[Event "Reykjavik Open 2025"]
[Site "Reykjavik"]
[Date "2025.04.09"]
[Round "1.20"]
[White "Agbabishvili, Lali"]
[Black "Papp, Gabor"]
[Result "0-1"]
[Annotator "ChessBase"]
[ECO "A11"]
[WhiteElo "2119"]
[BlackElo "2502"]
[PlyCount "94"]
[EventDate "2025.04.09"]
[EventType "swiss"]
[EventCountry "ISL"]
[SourceTitle "playchess.com"]
[Source "ChessBase"]
[SourceQuality "1"]
[TimeControl "40/5400+30:1800+30"]

1. g3 e5 2. c4 c6 3. Bg2 d5 4. cxd5 cxd5 5. Nf3 Nc6 6. O-O Nf6 7. d3 Be7 8. Nc3 d4 9. Nb1 O-O 10. Bg5 Be6 11. Nbd2 Nd5 12. Bxe7 Qxe7 13. a3 f5 14. Rc1 Kh8 15. Rxc6 bxc6 16. Nxe5 Qc7 17. Ndc4 f4 18. Qa4 c5 19. Qa6 Rae8 20. Qd6 Qxd6 21. Nxd6 Rb8 22. Bxd5 Bxd5 23. Nd7 Rbd8 24. Nxf8 Rxd6 25. Rc1 f3 26. e3 Kg8 27. Nxh7 Kxh7 28. Rxc5 Be4 29. exd4 Rxd4 30. h3 Rxd3 31. g4 Rd1+ 32. Kh2 Rd2 33. Kg3 Rxb2 34. Kf4 Bb7 35. Rc7 a6 36. h4 Bd5 37. Rc5 Be6 38. Kg3 Rb1 39. Kf4 Rg1 40. Rg5 Rc1 41. Kg3 Rc4 42. Rh5+ Kg8 43. Ra5 Bxg4 44. Rxa6 Bh5 45. Ra5 Rg4+ 46. Kh3 g6 47. Rg5 Ra4 0-1